 Dungeon Crawl Stone Soup version 0.21-a0-51-gea492e9 (webtiles) character file.

2376 ldierk the Carver (level 9, -1/70 HPs)
             Began as a Ghoul Fighter on June 12, 2017.
             Was a Believer of Qazlal.
             Slain by an orc
             ... wielding a +0 flail
              (7 damage)
             ... on level 6 of the Dungeon.
             The game lasted 00:23:10 (7248 turns).

ldierk the Carver (Ghoul Fighter)                   Turns: 7248, Time: 00:23:12

Health: -1/70      AC:  9    Str: 28    XL:     9   Next: 45%
Magic:  8/8        EV:  8    Int:  3    God:    Qazlal [**....]
Gold:   48         SH: 14    Dex: 12    Spells: 8/8 levels left

rFire    . . .     SeeInvis .   a - +0 long sword
rCold    + . .     Gourm    .   c - +0 shield
rNeg     + + +     Faith    .   b - +0 scale mail
rPois    ∞         Spirit   .   p - +1 hat
rElec    .         Reflect  .   r - +0 cloak
rCorr    .         Harm     .   C - +0 pair of gloves
MR       .....                  (no boots)
Stlth    ..........             w - amulet of magic regeneration
Regen    0.0/turn               h - +4 ring of dexterity
MPRegen  0.2/turn               (no ring)

@: mighty, very slightly contaminated, rotting, invisible
A: rotting body, claws 1, carnivore 3, cold resistance 1, negative energy
resistance 3, inhibited regeneration, torment resistance, unbreathing
a: Upheaval, Renounce Religion


You were on level 6 of the Dungeon.
You worshipped Qazlal.
Qazlal was pleased with you.
You were not hungry.

You visited 1 branch of the dungeon, and saw 7 of its levels.
You also visited: Bailey.

You collected 299 gold pieces.
You spent 251 gold pieces at shops.

Inventory:

Hand Weapons
 a - a +0 long sword (weapon)
 u - a +0 hunting sling
Missiles
 t - 30 poisoned needles
 v - 65 sling bullets
Armour
 b - a +0 scale mail (worn)
 c - a +0 shield (worn)
 p - a +1 hat (worn)
 r - a +0 cloak (worn)
 C - a +0 pair of gloves (worn)
Jewellery
 h - a +4 ring of dexterity (left hand)
 w - an amulet of magic regeneration (around neck)
Wands
 g - a wand of confusion (14/48)
 j - a wand of clouds (5/9)
Scrolls
 k - 2 scrolls of identify
 q - a scroll of blinking
Potions
 e - 2 potions of mutation {unknown}
 m - 2 potions of resistance {unknown}
 n - a potion of cancellation {unknown}
 o - a potion of berserk rage {unknown}
 x - a potion of magic {unknown}
 A - 2 potions of brilliance {unknown}
 B - a potion of invisibility
Comestibles
 f - 3 meat rations
 z - 2 royal jellies


   Skills:
 - Level 3.2 Fighting
 + Level 8.5 Long Blades
 - Level 2.6 Armour
 + Level 8.3 Shields


You had 8 spell levels left.
You didn't know any spells.

Dungeon Overview and Level Annotations

Branches:
Dungeon (7/15)             Temple (0/1) D:6

Altars:
Ashenzari
Dithmenos
Qazlal
Uskayaw
Xom

Shops:
D:4 *   D:6 ?


Innate Abilities, Weirdness & Mutations

Your body is rotting away.
You thrive on raw meat.
You are immune to poison.
You have sharp fingernails.
You are carnivorous and can eat meat at any time.
Your flesh is cold resistant. (rC+)
You are immune to negative energy. (rN+++)
You do not regenerate when monsters are visible.
You are immune to unholy pain and torment.
You can survive without breathing.


Message History

You feel yourself speed up. You block the orc wizard's attack.
The orc wizard hits you but does no damage.
You block the orc's attack.
You feel very mighty all of a sudden. You block the orc wizard's attack.
You block the orc's attack.
You slash the orc wizard!
The orc wizard is severely wounded.
You block the orc wizard's attack. The orc wizard casts a spell at you.
The magic dart hits you!
* * * LOW HITPOINT WARNING * * *
You catch the helpless orc wizard completely off-guard!
You slash the orc wizard!
You kill the orc wizard!
Qazlal accepts your kill. You block the orc's attack.
Your shield and scale mail prevent you from hitting the orc.
The orc hits you with a flail!
You die...

#. #.#....o..≈....#
.#
###.##.##...##.######
............... #.#
##.## #...##.#.##.#
..... #.#..o.....?#
......#........####
......#.####.###
.._...o)# .#
......#@# #
......#...# .....
#...... ##.##
#...##..# ... ..###
## .# #.# #.# #.#


You could see an orc.

Vanquished Creatures
  Pikel (D:4)
  A hippogriff (D:7)
  Sigmund (D:3)
  Eustachio (D:4)
  Menkaure (D:4)
  A phantom (D:6)
  A big kobold (D:5)
  3 bullfrogs
  3 hounds
  A centaur skeleton (D:5)
  2 orc priests
  A bullfrog skeleton (D:6)
  6 orc wizards
  Natasha (thrice) (D:4)
  5 worker ants
  A hound zombie (D:6)
  10 adders
  3 gnolls (Bailey)
  A howler monkey skeleton (D:4)
  2 oozes
  An adder skeleton (D:4)
  5 worms
  2 dart slugs (D:2)
  3 leopard geckos
  16 orcs
  A ball python (D:2)
  2 giant cockroaches
  11 goblins
  15 hobgoblins
  14 jackals
  3 quokkas
  7 bats
  6 frilled lizards
  A jackal skeleton (D:5)
  37 kobolds
  A quokka zombie (D:6)
  8 rats
181 creatures vanquished.

Vanquished Creatures (others)
  A sky beast (D:6)
  An ogre (D:4)
  A hound (D:4)
  An orc wizard (D:6)
  A worker ant (D:4)
  An adder zombie (D:4)
  3 orcs (D:4)
  A giant cockroach (D:4)
  A hobgoblin (D:1)
11 creatures vanquished.

Grand Total: 192 creatures vanquished

Notes
Turn   | Place    | Note
-------+----------+-------------------------------------------
     0 | D:1      | ldierk the Ghoul Fighter began the quest for the Orb.
     0 | D:1      | Reached XP level 1. HP: 19/19 MP: 0/0
   100 | D:1      | Reached XP level 2. HP: 25/26 MP: 1/1
   385 | D:1      | Reached XP level 3. HP: 15/31 MP: 2/2
  1309 | D:2      | Reached XP level 4. HP: 34/38 MP: 3/3
  1335 | D:2      | Found a shattered altar of Ashenzari.
  1561 | D:2      | Found a faded altar of an unknown god.
  2052 | D:3      | Reached XP level 5. HP: 45/45 MP: 4/4
  2519 | D:3      | Noticed Sigmund
  2551 | D:3      | Lost intelligence.
  2556 | D:3      | Killed Sigmund
  2556 | D:3      | Reached XP level 6. HP: 36/51 MP: 5/5
  2789 | D:4      | Noticed a slave
  2789 | D:4      | Noticed a slave
  2790 | D:4      | Noticed Pikel
  2867 | D:4      | Found a shadowy altar of Dithmenos.
  2867 | D:4      | Noticed Natasha
  2876 | D:4      | Killed Natasha
  2905 | D:4      | Noticed Natasha
  2915 | D:4      | Killed Natasha
  2970 | D:5      | Entered Level 5 of the Dungeon
  3089 | D:4      | Noticed Natasha
  3094 | D:4      | Killed Natasha
  3094 | D:4      | Reached skill level 5 in Long Blades
  3105 | D:4      | Noticed a slave
  3107 | D:4      | Noticed a slave
  3133 | D:4      | Killed Pikel
  3133 | D:4      | Reached XP level 7. HP: 30/57 MP: 6/6
  3133 | D:4      | Reached XP level 8. HP: 33/63 MP: 7/7
  3234 | D:4      | Found a stormy altar of Qazlal.
  3243 | D:4      | Noticed a water elemental
  3285 | D:4      | Noticed Menkaure
  3298 | D:4      | Killed Menkaure
  4063 | D:4      | Found Wauqazy's Assorted Antiques.
  4071 | D:4      | Bought a pair of gloves for 94 gold pieces
  4178 | D:4      | Noticed Eustachio
  4236 | D:4      | Killed Eustachio
  4558 | D:4      | Noticed an air elemental
  4565 | D:4      | Noticed a dagger
  4565 | D:4      | Found a hide-covered altar of Uskayaw.
  4566 | D:4      | Noticed a hand axe
  4678 | D:4      | Became a worshipper of Qazlal Stormbringer
  5168 | D:5      | Reached * piety under Qazlal
  5714 | D:7      | Found a flagged portal.
  5719 | Bailey   | Entered a bailey
  6149 | D:7      | Noticed a hippogriff
  6162 | D:7      | Killed a hippogriff
  6162 | D:7      | Reached XP level 9. HP: 35/70 MP: 8/8
  6390 | D:7      | Noticed a two-headed ogre
  6475 | D:7      | HP: 1/70 [two-headed ogre/giant club (21)]
  6766 | D:6      | Found Nolydiog's Magic Scroll Emporium.
  6774 | D:6      | Bought a scroll of remove curse for 45 gold pieces
  6774 | D:6      | Bought a scroll of blinking for 112 gold pieces
  6834 | D:6      | Found a staircase to the Ecumenical Temple.
  7236 | D:6      | Found a shimmering altar of Xom.
  7242 | D:6      | Reached ** piety under Qazlal
  7248 | D:6      | Slain by an orc

Vault maps used:
D:1:      shiori_arrival_oz, serial_park_tiny_1
D:2:      marbit_many_paths, chequers_ecumenical_altar_simple,
          minmay_misc_feat_tiny
D:3:      first_bread, uniq_sigmund
D:4:      nicolae_qazlal_style_of_elements, dancing_weapons_uskayaw,
          serial_shops, nicolae_shop_behind_doors,
          nicolae_dithmenos_the_darkroom, uniq_natasha, uniq_pikel,
          uniq_menkaure, uniq_eustachio
D:5:      kennysheep_kobold_camp, hangedman_abyss_or_decor_lesser_grid
D:6:      lemuel_round_altar, old_standard_altar, zin_purify,
          gammafunk_temple_overflow_arena, temple_green, portal_sewer_entry_f,
          serial_shops, shop
D:7:      enter_bailey_3, grunt_livestock, grunt_ministairs_10,
          uniq_prince_ribbit1
Bailey:   bailey_axe_2, bailey

Skill      XL: |  1  2  3  4  5  6  7  8  9 |
---------------+----------------------------+-----
Long Blades    | 2 3 4 6 7 8 |  8.5
Shields        | 3 4 6 7 8 |  8.3
Fighting       | |  3.2
Armour         | |  2.6

Action                   |  1- 3 |  4- 6 |  7- 9 || total
-------------------------+-------+-------+-------++-------
Melee: Long sword        |   139 |   210 |   512 ||   861
 Fire: Hunting sling     |       |     6 |       ||     6
  Use: Potion            |       |     8 |     5 ||    13
       Scroll            |       |       |    13 ||    13
 Stab: Invisible         |       |       |     1 ||     1
  Eat: Chunk             |     2 |    12 |    41 ||    55
       Meat ration       |       |     1 |     2 ||     3
Armor: Scale mail        |    67 |    76 |   225 ||   368
       Ring mail         |       |    14 |       ||    14
Dodge: Dodged            |    45 |    83 |   218 ||   346
Block: Shield            |    89 |    71 |    85 ||   245
       Buckler           |       |    13 |   146 ||   159
       Rpst.: Long sword |    14 |    30 |    59 ||   103
